 Dungeon Crawl Stone Soup version 0.24-a0-170-gd8427f5 (webtiles) character file.

Game seed: 17560600257154445690

6 tilp the Grave Robber (level 1, 0/13 HPs)
             Began as a Demonspawn Necromancer on Mar 11, 2019.
             Slain by a kobold
             ... wielding a +0 short sword
              (1 damage)
             ... on level 1 of the Dungeon.
             The game lasted 00:01:42 (153 turns).

tilp the Grave Robber (Demonspawn Necromancer)       Turns: 153, Time: 00:01:42

Health: 0/13       AC:  3    Str:  8    XL:     1   Next: 75%
Magic:  0/3        EV: 11    Int: 16    God:
Gold:   0          SH:  0    Dex: 13    Spells: 2/4 levels left

rFire    . . .     SeeInvis .   (no weapon)
rCold    . . .     Gourm    .   (no shield)
rNeg     . . .     Faith    .   g - +0 leather armour
rPois    .         Spirit   .   (no helmet)
rElec    .         Reflect  .   (no cloak)
rCorr    .         Harm     .   (no gloves)
MR       .....                  (no boots)
Stlth    ++........             (no amulet)
HPRegen  0.04/turn              (no ring)
MPRegen  0.08/turn              (no ring)

@: no status effects
A: no striking features
a: no special abilities


You were on level 1 of the Dungeon.
You were not hungry.

You visited 1 branch of the dungeon, and saw 1 of its levels.

Inventory:

Armour
 a - a +0 robe
 g - a +0 leather armour (worn)
Scrolls
 e - a scroll of remove curse {unknown}
 f - a scroll of teleportation {unknown}
Comestibles
 c - 2 rations
 d - 3 chunks of flesh


   Skills:
 - Level 1.7 Dodging
 - Level 1.7 Stealth
 - Level 2.0 Spellcasting
 + Level 4.8 Necromancy


You had 2 spell levels left.
You knew the following spells:

 Your Spells              Type           Power        Failure   Level  Hunger
a - Pain                  Necr           ###.         4%          1    #......
b - Animate Skeleton      Necr           N/A          4%          1    #......

Your spell library contained the following spells:

 Spells                   Type           Power        Failure   Level  Hunger
 Vampiric Draining        Necr           ###.......   13%         3    ###....
 Regeneration             Chrm/Necr      #.........   34%         3    ###....
 Animate Dead             Necr           N/A          38%         4    #####..


Dungeon Overview and Level Annotations

Branches:
Dungeon (1/15)

Altars:


Message History

Okay, then.
Quiver which item? (- for none, * to show all) (? for menu, Esc to quit)
Okay, then.
Unknown command.
Firing (i - inventory) No suitable missiles.
Press: ? - help, Shift-Dir - straight line, f/p - kobold
Aim: a kobold, wielding a +0 short sword (moderately wounded)
Okay, then.
Casting: Pain (safe; 4% risk of failure)
Confirm with . or Enter, or press ? or * to list all spells.
Aiming: Pain (safe; 4% risk of failure)
Press: ? - help, Shift-Dir - straight line, f/p - kobold
Aim: a kobold, wielding a +0 short sword (moderately wounded, chance to defeat MR: 87%)
The kobold barely resists.
The kobold hits you with a +0 short sword.
* * * LOW HITPOINT WARNING * * *
Your goblin skeleton hits the kobold but does no damage.
Your goblin skeleton barely misses the kobold.
The kobold hits you with a +0 short sword.
You die...

......###.## #(...
...#.#...#########(#.
(.#.#.#.###.........
.#.###...>........[#
..###.......### #.)#
#..#..##.#### #(.#
#.....#.## #Z.#
###....##########K.##
#.............@...#
.....############..##
###.## #..# ... #..#
#... #..# ##.. ...#
###.# #.# #.#


You could see a kobold and a friendly goblin skeleton.

Vanquished Creatures
  A bat (D:1)
  A goblin (D:1)
  A jackal (D:1)
  A rat (D:1)
4 creatures vanquished.

Vanquished Creatures (collateral kills)
  A kobold (D:1)
1 creature vanquished.

Grand Total: 5 creatures vanquished

Notes
Turn   | Place    | Note
-------+----------+-------------------------------------------
     0 | D:1      | tilp the Demonspawn Necromancer began the quest for the
                  | Orb.
     0 | D:1      | Reached XP level 1. HP: 13/13 MP: 3/3
     2 | D:1      | Learned a level 1 spell: Animate Skeleton
   153 | D:1      | Slain by a kobold

Levels and vault maps discovered:
D:1:      lemuel_arrival_hallway, layout_loops_ring

Action                   || total
-------------------------++-------
Melee: Unarmed           ||     1
Throw: Tomahawk          ||     2
 Cast: Pain              ||     8
       Animate Skeleton  ||     2
Armor: Leather armour    ||     1
Dodge: Dodged            ||     6

Table legend:
 A = Non-vault XP
 B = Vault XP
 C = Vault XP percentage of total XP
 D = Non-vault monster count
 E = Vault monster count
 F = Vault count percentage of total count
                 A         B        C        D         E       F
            +---------+---------+-------+---------+---------+-------
      Total |       9 |       0 |   0.0 |       5 |       0 |   0.0
            +---------+---------+-------+---------+---------+-------
        D:1 |       9 |       0 |   0.0 |       5 |       0 |   0.0
            +---------+---------+-------+---------+---------+-------
